 Dungeon Crawl Stone Soup version 0.19.1 (webtiles) character file.

59 Kailar the Vexing (level 3, -5/25 HPs)
             Began as a Vampire Enchanter on Nov 28, 2016.
             Slain by a worm (10 damage)
             ... on level 3 of the Dungeon.
             The game lasted 00:21:29 (1752 turns).

Kailar the Vexing (Vampire Enchanter)               Turns: 1752, Time: 00:21:30

Health: -5/25      AC:  5    Str:  6 (7)  XL:     3   Next: 78%
Magic:  3/6        EV: 13    Int: 15 (17) God:
Gold:   88         SH:  0    Dex: 12 (15) Spells: 2 memorised, 2 levels left

rFire  . . .     SeeInvis +     a - +1 dagger
rCold  + . .     Gourm    .     b - +1 robe
rNeg   + + .     Faith    .     (no shield)
rPois  +         Spirit   .     (no helmet)
rElec  .         Reflect  .     (no cloak)
rCorr  .         Harm     .     k - +1 pair of gloves
MR     .....                    (no boots)
Stlth  ++++......               h - amulet of regeneration
                                (no ring)
                                (no ring)

@: regenerating slowly
A: fangs 3, see invisible, unbreathing
a: Bat Form


You were on level 3 of the Dungeon.
You were very thirsty.

You visited 1 branch of the dungeon, and saw 3 of its levels.

You collected 88 gold pieces.

Inventory:

Hand Weapons
 a - a +1 dagger (weapon)
 i - a +0 whip
Missiles
 e - 78 stones (quivered)
 l - 16 poisoned needles
 m - 10 sling bullets
Armour
 b - a +1 robe (worn)
 f - a +0 chain mail
 j - a +0 leather armour
 k - a +1 pair of gloves (worn)
 n - a +0 plate armour
 p - a cursed +0 plate armour
 s - a +0 plate armour
Jewellery
 h - an amulet of regeneration (around neck)
Scrolls
 g - a scroll of magic mapping
 o - a scroll of remove curse
Potions
 d - 13 potions of blood
 r - a potion of resistance
Books
 c - a book of Maledictions

   Spells                             Type                      Level
   a - Corona                         Hexes                        1
   b - Ensorcelled Hibernation        Hexes/Ice                    2
   c - Confuse                        Hexes                        3
   d - Tukima's Dance                 Hexes                        3
   e - Dazzling Spray                 Conjuration/Hexes            3


   Skills:
 * Level 0.5 Fighting
 + Level 1.8 Short Blades
 - Level 0.1 Throwing
 + Level 2.9 Dodging
 * Level 4.8 Stealth
 * Level 2.3 Spellcasting
 * Level 5.1 Hexes


You had 2 spell levels left.
You knew the following spells:

 Your Spells              Type           Power        Failure   Level  Hunger
a - Corona                Hex            ###....      2%          1    #......
b - Confuse               Hex            ###.....     10%         3    ###....


Dungeon Overview and Level Annotations

Branches:
Dungeon (3/15)

Altars:
Qazlal


Innate Abilities, Weirdness & Mutations

You heal slowly.
You have razor-sharp teeth.
You have supernaturally acute eyesight. (SInv)
You can survive without breathing.


Message History

You hit the worm. You bite the worm, but do no damage.
The worm is severely wounded.
The worm bites you but does no damage.
You hit the worm but do no damage.
The worm is severely wounded.
You completely miss the worm. Your bite misses the worm.
The worm is severely wounded.
The worm bites you!
You hit the worm.
The worm is severely wounded.
You barely miss the worm.
The worm is severely wounded.
The worm bites you!
* * * LOW HITPOINT WARNING * * *
You hit the worm.
The worm is severely wounded.
You hit the worm.
The worm is almost dead.
The worm bites you!
You die...

..........# #.#######.#
#.# #.########.#######
#.#######...##...........#
.........>..##.###.#####.#
....#####...##.# #.#
...........###.# # #.#
....####....##.###.# #.#
...## #.<......@w.# #.#
#.#### #.##.##..#### #.#
.....# #.#..##^.# #.#
.....###........# #.#
.........#..##.####### #.#
.....#####. #.......###.#
.....# # #....%......#
##.### #######.##### #.#
#.#


You could see a worm.

Vanquished Creatures
  An adder (D:2)
  A worm (D:2)
  2 dart slugs (D:1)
  3 giant cockroaches
  3 goblins
  2 hobgoblins
  9 jackals (D:1)
  2 quokkas
  8 bats
  2 frilled lizards
  3 kobolds
  4 rats (D:1)
40 creatures vanquished.

Notes
Turn   | Place    | Note
-------+----------+-------------------------------------------
     0 | D:1      | Kailar the Vampire Enchanter began the quest for the Orb.
     0 | D:1      | Reached XP level 1. HP: 13/13 MP: 3/3
   146 | D:1      | Reached XP level 2. HP: 19/19 MP: 3/5
   536 | D:1      | Reached XP level 3. HP: 24/24 MP: 6/6
   579 | D:1      | Learned a level 3 spell: Confuse
   955 | D:2      | Reached skill level 5 in Hexes
  1529 | D:3      | Found a stormy altar of Qazlal.
  1752 | D:3      | Slain by a worm

Skill      XL: |  1  2  3 |
---------------+----------+-----
Hexes          | 5 |  5.1
Fighting       | |  0.5
Short Blades   | |  1.8
Throwing       | |  0.1
Dodging        | |  2.9
Stealth        | |  4.8
Spellcasting   | |  2.3

Action                   || total
-------------------------++-------
Melee: Dagger            ||   191
       Bite              ||    15
Throw: Stone             ||    34
 Cast: Corona            ||    10
       Confuse           ||    12
  Use: Scroll            ||     5
       Potion            ||     5
 Stab: Sleeping          ||     4
       Confused          ||     3
  Eat: Corpse            ||     3
Armor: Robe              ||    46
Dodge: Dodged            ||   153
